Ste. Rose Royals vs Tappara Tampere
Created - Saturday, September 7, 2024 at 09:32
Goals
|
| Ste. Rose Royals |
2 |
0 |
0 |
2 |
| Tappara Tampere |
2 |
1 |
1 |
4 |
|
Shots
|
| Ste. Rose Royals |
12 |
7 |
10 |
29 |
| Tappara Tampere |
16 |
12 |
7 |
35 |
|
1st period
1. Ste. Rose Royals , Michael Amadio 11 (Patrick Maroon 10, Tyson Jost 14) at 11:13
2. Ste. Rose Royals , John Hayden 8 (Grigori Denisenko 9, Mike Reilly 3) at 13:08 (PP)
3. Tappara Tampere , Tanner Pearson 7 (Dominik Kubalik 7, Ben Hutton 4) at 16:53
4. Tappara Tampere , Kent Johnson 9 (Dominik Kubalik 8, Jayson Megna 9) at 18:51 (PP)
Penalties :
Matthew Beniers (TAP) for Hooking (Minor) at 2:49, John Hayden (BWK) for Roughing (Minor) at 6:09, Ben Hutton (TAP) for Tripping (Minor) at 12:54, Mathias Emilio Pettersen (BWK) for Cross-checking (Minor) at 17:38
2nd period
5. Tappara Tampere , Logan Stankoven 7 (Matthew Beniers 9) at 3:41 (PP)
Penalties :
Cameron Hughes (BWK) for Interference (Minor) at 3:39, Sam Carrick (TAP) for Tripping (Minor) at 12:07
3rd period
6. Tappara Tampere , Dominik Kubalik 4 (John Klingberg 6, Calvin De Haan 11) at 2:55 (PP)
Penalties :
Tanner Pearson (TAP) for Interference (Minor) at 0:31, Patrick Maroon (BWK) for Tripping (Minor) at 0:59, Matt Martin (TAP) for Diving (Minor) at 12:39
Goalie Stats
Thomas Milic (BWK), 31 saves from 35 shots - (0.886), L, 2-2-0, 60:00 minutes
Joel Hofer (TAP), 27 saves from 29 shots - (0.931), W, 5-3-1, 60:00 minutes
Players Stats for Ste. Rose Royals
Player Name G A P +/- PIM S H SB GA TA FO MP PP MP PK MP
------------------------------------------------------------------------------------
Alex Barre-Boulet 0 0 0 -1 0 3 0 1 1 0 1/1 13:46 0:16 0:00
Alex Jefferies 0 0 0 0 0 2 1 0 0 0 0/0 5:06 0:00 0:00
Brogan Rafferty 0 0 0 1 0 0 0 0 0 1 0/0 13:58 0:00 0:00
Cale Fleury 0 0 0 -1 0 1 0 1 0 0 0/0 21:54 3:29 2:20
Calen Addison 0 0 0 0 0 1 2 1 3 1 0/0 24:22 3:10 1:19
Cameron Hughes 0 0 0 -1 2 2 0 0 0 0 4/7 12:14 0:00 0:00
Grigori Denisenko 0 1 1 0 0 2 2 0 3 0 0/1 18:30 3:19 0:00
Isaac Ratcliffe 0 0 0 0 0 0 0 0 0 0 0/0 3:09 0:16 0:25
Jack St. Ivany 0 0 0 -1 0 0 0 1 1 1 0/0 21:59 3:29 2:20
John Hayden 1 0 1 0 2 5 0 1 1 0 6/12 18:31 3:19 0:00
Luke Philp 0 0 0 -1 0 0 0 0 0 0 1/3 5:51 0:16 0:00
Mathias Emilio Pettersen 0 0 0 0 2 1 0 1 0 0 1/6 15:00 0:00 0:00
Matthew Highmore 0 0 0 0 0 4 2 0 1 1 0/0 20:28 3:19 1:33
Michael Amadio 1 0 1 1 0 1 1 0 1 0 0/0 20:27 3:04 2:06
Mike Reilly 0 1 1 0 0 2 2 2 1 0 0/0 24:22 3:10 1:19
Patrick Maroon 0 1 1 1 2 4 4 0 1 0 2/3 22:20 3:03 1:41
Tyson Jost 0 1 1 1 0 0 0 0 1 0 9/26 19:05 3:04 1:33
Wyatt Kalynuk 0 0 0 1 0 1 0 1 0 1 0/0 13:44 0:00 0:00
Players Stats for Tappara Tampere
Player Name G A P +/- PIM S H SB GA TA FO MP PP MP PK MP
------------------------------------------------------------------------------------
Andrew Cogliano 0 0 0 0 0 1 0 0 0 1 0/0 5:15 0:02 3:05
Ben Hutton 0 1 1 0 2 2 3 1 0 4 0/0 18:11 1:47 0:09
Calvin De Haan 0 1 1 0 0 1 0 0 0 1 0/0 22:31 1:49 3:30
Dominik Kubalik 1 2 3 0 0 6 2 0 1 1 1/2 19:59 1:57 0:00
Jan Rutta 0 0 0 -1 0 1 0 1 1 1 0/0 22:55 1:52 3:30
Jayson Megna 0 1 1 0 0 2 0 0 0 0 10/16 13:46 1:57 0:00
John Klingberg 0 1 1 1 0 1 2 0 1 1 0/0 18:09 1:50 0:00
Kent Johnson 1 0 1 0 0 4 1 0 2 0 1/3 15:00 1:46 0:15
Logan Stankoven 1 0 1 0 0 2 2 0 0 0 0/1 17:38 1:40 0:00
Matt Martin 0 0 0 0 2 0 0 0 0 0 0/0 13:34 0:00 0:00
Matthew Beniers 0 1 1 0 2 7 0 0 0 1 11/17 18:37 1:42 0:29
Mattias Janmark 0 0 0 0 0 2 1 1 0 2 0/0 11:11 0:00 3:19
Nathan Walker 0 0 0 0 0 0 3 1 0 0 0/0 15:13 0:00 0:00
Nikita Zaitsev 0 0 0 -1 0 0 1 1 0 1 0/0 19:20 0:00 3:09
Sam Carrick 0 0 0 0 2 1 1 0 0 0 8/11 15:56 0:11 2:06
Sebastian J Aho 0 0 0 1 0 3 0 0 0 1 0/0 18:53 0:00 3:00
Tanner Pearson 1 0 1 0 2 2 0 0 0 0 0/0 14:48 1:42 0:45
Tomas Nosek 0 0 0 0 0 0 3 0 0 0 4/9 10:49 0:00 3:19
3 Stars
1 - Dominik Kubalik (TAP)
2 - Logan Stankoven (TAP)
3 - Kent Johnson (TAP)
Power Play
Ste. Rose Royals - 1 on 5 Attempt(s) - 20.00%
Tappara Tampere - 3 on 4 Attempt(s) - 75.00%
Penalty Kill
Ste. Rose Royals - 1 on 4 Attempt(s) - 25.00%
- Score 0 goal in Penalty Kill
Tappara Tampere - 4 on 5 Attempt(s) - 80.00%
- Score 0 goal in Penalty Kill
Team Stat
Ste. Rose Royals - Hits : 14 - Faceoff Wins : 24 - Blocked Shots : 9 - Penalty Minutes : 8
Tappara Tampere - Hits : 19 - Faceoff Wins : 35 - Blocked Shots : 5 - Penalty Minutes : 10
Official
Referees : Justin St. Pierre and Cody Beach
Linesman : Scott Cherrey and Derek Nansen
Game Notes
No Game Note
Ste. Rose Royals
5 vs 5 Forward
Center Left Wing Right Wing Time % Phy DF OF
1 Tyson Jost Patrick Maroon Michael Amadio 30 1 2 2
2 John Hayden Matthew Highmore Grigori Denisenko 30 1 2 2
3 Cameron Hughes Alex Barre-Boulet Mathias Emilio Pettersen 25 1 2 2
4 Mathias Emilio Pettersen Alex Jefferies Patrick Maroon 15 1 2 2
5 vs 5 Defense
Defense Defense Time % Phy DF OF
1 Mike Reilly Calen Addison 30 1 2 2
2 Jack St. Ivany Cale Fleury 30 1 2 2
3 Brogan Rafferty Wyatt Kalynuk 25 1 2 2
4 Mike Reilly Calen Addison 15 1 2 2
PowerPlay Forward
Center Left Wing Right Wing Time % Phy DF OF
1 Tyson Jost Patrick Maroon Michael Amadio 50 1 2 2
2 John Hayden Matthew Highmore Grigori Denisenko 50 1 2 2
PowerPlay Defense
Defense Defense Time % Phy DF OF
1 Mike Reilly Calen Addison 50 1 2 2
2 Jack St. Ivany Cale Fleury 50 1 2 2
Penalty Kill 4 Players Forward
Center Wing Time % Phy DF OF
1 Patrick Maroon Michael Amadio 50 1 2 2
2 Tyson Jost Matthew Highmore 50 1 2 2
Penalty Kill 4 Players Defense
Defense Defense Time % Phy DF OF
1 Mike Reilly Calen Addison 50 1 2 2
2 Jack St. Ivany Cale Fleury 50 1 2 2
Penalty Kill - 3 Players Forward
Forward Time % Phy DF OF
1 Patrick Maroon 50 1 2 2
2 Michael Amadio 50 1 2 2
Penalty Kill - 3 Players Defense
Defense Defense Time % Phy DF OF
1 Mike Reilly Calen Addison 50 1 2 2
2 Jack St. Ivany Cale Fleury 50 1 2 2
4 vs 4 Forward
Center Wing Time % Phy DF OF
1 Patrick Maroon Michael Amadio 50 1 2 2
2 Tyson Jost Matthew Highmore 50 1 2 2
4 vs 4 Defense
Defense Defense Time % Phy DF OF
1 Mike Reilly Calen Addison 50 1 2 2
2 Jack St. Ivany Cale Fleury 50 1 2 2
Last Minutes Offensive
Center Left Wing Right Wing Defense Defense
Tyson Jost Patrick Maroon Michael Amadio Mike Reilly Calen Addison
Last Minutes Defensive
Center Left Wing Right Wing Defense Defense
Tyson Jost Patrick Maroon Michael Amadio Mike Reilly Calen Addison
Goaltenders
Starting : Thomas Milic
Backup : Unknown Goalie
Extra Forwards
Normal : Luke Philp, Isaac Ratcliffe, Alex Barre-Boulet - PP : Luke Philp, Isaac Ratcliffe - PK : Alex Barre-Boulet
Extra Defensemen
Normal : Brogan Rafferty, Wyatt Kalynuk, Jack St. Ivany - PP : Brogan Rafferty - PK : Wyatt Kalynuk, Jack St. Ivany
Penalty Shots
Patrick Maroon, Michael Amadio, Tyson Jost, Matthew Highmore, Grigori Denisenko
Scratches
Libor Hajek (Healthy), Carter Savoie (Healthy), Tyler Benson (Healthy), Tanner Fritz (Healthy), Jared McIsaac (Healthy)
Erik Kallgren (Healthy), Yaroslav Askarov (Healthy)
Tappara Tampere
5 vs 5 Forward
Center Left Wing Right Wing Time % Phy DF OF
1 Matthew Beniers Nathan Walker Logan Stankoven 28 1 2 2
2 Jayson Megna Tanner Pearson Dominik Kubalik 28 1 2 2
3 Sam Carrick Kent Johnson Matt Martin 26 1 2 2
4 Tomas Nosek Mattias Janmark Dominik Kubalik 18 1 2 2
5 vs 5 Defense
Defense Defense Time % Phy DF OF
1 Jan Rutta Nikita Zaitsev 34 1 2 2
2 Ben Hutton Calvin De Haan 33 1 2 2
3 Sebastian J Aho John Klingberg 33 1 2 2
4 Jan Rutta Calvin De Haan 0 1 2 2
PowerPlay Forward
Center Left Wing Right Wing Time % Phy DF OF
1 Matthew Beniers Tanner Pearson Logan Stankoven 50 1 1 3
2 Kent Johnson Jayson Megna Dominik Kubalik 50 1 1 3
PowerPlay Defense
Defense Defense Time % Phy DF OF
1 Jan Rutta John Klingberg 50 1 2 2
2 Ben Hutton Calvin De Haan 50 1 2 2
Penalty Kill 4 Players Forward
Center Wing Time % Phy DF OF
1 Sam Carrick Andrew Cogliano 50 1 3 1
2 Tomas Nosek Mattias Janmark 50 1 3 1
Penalty Kill 4 Players Defense
Defense Defense Time % Phy DF OF
1 Jan Rutta Calvin De Haan 50 2 2 1
2 Sebastian J Aho Nikita Zaitsev 50 2 2 1
Penalty Kill - 3 Players Forward
Forward Time % Phy DF OF
1 Jayson Megna 50 1 3 1
2 Sam Carrick 50 1 3 1
Penalty Kill - 3 Players Defense
Defense Defense Time % Phy DF OF
1 Jan Rutta Calvin De Haan 50 2 2 1
2 Sebastian J Aho Nikita Zaitsev 50 2 2 1
4 vs 4 Forward
Center Wing Time % Phy DF OF
1 Matthew Beniers Andrew Cogliano 50 1 2 2
2 Logan Stankoven Kent Johnson 50 1 2 2
4 vs 4 Defense
Defense Defense Time % Phy DF OF
1 Jan Rutta Calvin De Haan 50 1 2 2
2 Ben Hutton John Klingberg 50 1 2 2
Last Minutes Offensive
Center Left Wing Right Wing Defense Defense
Matthew Beniers Andrew Cogliano Logan Stankoven Jan Rutta Calvin De Haan
Last Minutes Defensive
Center Left Wing Right Wing Defense Defense
Matthew Beniers Andrew Cogliano Logan Stankoven Jan Rutta Calvin De Haan
Goaltenders
Starting : Joel Hofer
Backup : Chris Driedger
Extra Forwards
Normal : Sam Carrick, Matt Martin, Tanner Pearson - PP : Sam Carrick, Matt Martin - PK : Tanner Pearson
Extra Defensemen
Normal : Nikita Zaitsev, Sebastian J Aho, Ben Hutton - PP : Nikita Zaitsev - PK : Sebastian J Aho, Ben Hutton
Penalty Shots
Matthew Beniers, Andrew Cogliano, Logan Stankoven, Kent Johnson, Mattias Janmark
Scratches
Andreas Englund (Healthy), Niko Mikkola (Healthy), Klim Kostin (Healthy), Ville Ottavainen (Healthy), Max Sasson (Healthy)
Sheldon Dries (Healthy), Jesper Vikman (Healthy), Nikita Tolopilo (Healthy), Brandon Bussi (Healthy)
% Time on Ice - Ste. Rose Royals
Lines # - Real PCT - Wanted PCT - Time Play
Normal Forward
1 - 29% - 30% - 13:57
2 - 36% - 30% - 17:13
3 - 25% - 25% - 12:05
4 - 10% - 15% - 4:56
Normal Defense
1 - 29% - 30% - 13:56
2 - 32% - 30% - 15:31
3 - 29% - 25% - 13:44
4 - 10% - 15% - 5:00
PP Forward
1 - 50% - 50% - 3:20
2 - 50% - 50% - 3:19
PP Defense
1 - 48% - 50% - 3:10
2 - 52% - 50% - 3:29
PK Forward
1 - 58% - 50% - 2:06
2 - 42% - 50% - 1:33
PK Defense
1 - 36% - 50% - 1:19
2 - 64% - 50% - 2:20
PK3 Forward
1 - 0% - 50%
2 - 0% - 50%
PK3 Defense
1 - 0% - 50%
2 - 0% - 50%
44 Forward
1 - 77% - 50% - 1:10
2 - 23% - 50% - 0:21
44 Defense
1 - 63% - 50% - 0:57
2 - 37% - 50% - 0:34
Last Minute Offensive - 0:00
Last Minute Defensive - 0:00
Total
Forward - 60:00
Defense - 60:00
|
% Time on Ice - Tappara Tampere
Lines # - Real PCT - Wanted PCT - Time Play
Normal Forward
1 - 32% - 28% - 15:38
2 - 28% - 28% - 13:21
3 - 25% - 26% - 11:56
4 - 15% - 18% - 7:16
Normal Defense
1 - 34% - 34% - 16:28
2 - 33% - 33% - 15:50
3 - 33% - 33% - 15:53
4 - 0% - 0% - 0:00
PP Forward
1 - 47% - 50% - 1:42
2 - 53% - 50% - 1:57
PP Defense
1 - 51% - 50% - 1:52
2 - 49% - 50% - 1:47
PK Forward
1 - 50% - 50% - 3:20
2 - 50% - 50% - 3:19
PK Defense
1 - 53% - 50% - 3:30
2 - 47% - 50% - 3:09
PK3 Forward
1 - 0% - 50%
2 - 0% - 50%
PK3 Defense
1 - 0% - 50%
2 - 0% - 50%
44 Forward
1 - 64% - 50% - 0:58
2 - 36% - 50% - 0:33
44 Defense
1 - 71% - 50% - 1:05
2 - 29% - 50% - 0:26
Last Minute Offensive - 0:00
Last Minute Defensive - 0:00
Total
Forward - 60:00
Defense - 60:00
|
Play-by-Play
1st period
0:01 of 1st period - Tyson Jost wins face-off versus Matthew Beniers in neutral zone.
0:14 of 1st period - Slapshot by Matthew Beniers.
0:14 of 1st period - Stopped by Thomas Milic with a rebound.
0:16 of 1st period - Slapshot by Jan Rutta.
0:16 of 1st period - Shot Blocked by Mike Reilly.
0:32 of 1st period - Wrist shot by Grigori Denisenko.
0:32 of 1st period - Shot Misses the Net.
0:46 of 1st period - Snap shot by Cameron Hughes.
0:46 of 1st period - Stopped by Joel Hofer without a rebound.
0:47 of 1st period - Sam Carrick wins face-off versus Cameron Hughes in Tappara Tampere zone.
2:49 of 1st period - Minor Penalty to Matthew Beniers for Hooking.
2:50 of 1st period - Sam Carrick wins face-off versus John Hayden in Tappara Tampere zone.
4:49 of 1st period - Penalty to Matthew Beniers is over, Matthew Beniers is back on ice.
4:52 of 1st period - Icing by Tomas Nosek.
4:53 of 1st period - Cameron Hughes wins face-off versus Tomas Nosek in Tappara Tampere zone.
5:02 of 1st period - Wrist shot by Alex Barre-Boulet.
5:02 of 1st period - Stopped by Joel Hofer without a rebound.
5:03 of 1st period - Cameron Hughes wins face-off versus Jayson Megna in Tappara Tampere zone.
5:14 of 1st period - Wrist shot by Alex Barre-Boulet.
5:14 of 1st period - Shot Misses the Net.
5:50 of 1st period - Calen Addison is hit by Nathan Walker and loses puck.
6:09 of 1st period - Minor Penalty to John Hayden for Roughing.
6:10 of 1st period - Patrick Maroon wins face-off versus Matthew Beniers in Ste. Rose Royals zone.
7:41 of 1st period - Icing by Matthew Beniers.
7:42 of 1st period - Tyson Jost wins face-off versus Matthew Beniers in Tappara Tampere zone.
7:57 of 1st period - Snap shot by Dominik Kubalik.
7:57 of 1st period - Stopped by Thomas Milic with a rebound.
7:59 of 1st period - Slapshot by Jan Rutta.
7:59 of 1st period - Deflect By Dominik Kubalik.
7:59 of 1st period - Shot Misses the Net.
7:59 of 1st period - Puck is out of play.
8:00 of 1st period - Patrick Maroon wins face-off versus Dominik Kubalik in Ste. Rose Royals zone.
8:09 of 1st period - Penalty to John Hayden is over, John Hayden is back on ice.
8:13 of 1st period - Snap shot by Dominik Kubalik.
8:13 of 1st period - Stopped by Thomas Milic without a rebound.
8:14 of 1st period - Matthew Beniers wins face-off versus Mathias Emilio Pettersen in Ste. Rose Royals zone.
8:15 of 1st period - Slapshot by Logan Stankoven.
8:15 of 1st period - Deflect By Matthew Beniers.
8:15 of 1st period - Stopped by Thomas Milic without a rebound.
8:16 of 1st period - Matthew Beniers wins face-off versus Mathias Emilio Pettersen in Ste. Rose Royals zone.
8:29 of 1st period - Snap shot by Matthew Beniers.
8:29 of 1st period - Deflect By Logan Stankoven.
8:29 of 1st period - Deflect By Patrick Maroon.
8:29 of 1st period - Shot Hit the Post.
8:29 of 1st period - Puck is out of play.
8:30 of 1st period - Tyson Jost wins face-off versus Kent Johnson in Ste. Rose Royals zone.
8:37 of 1st period - Snap shot by Patrick Maroon.
8:37 of 1st period - Stopped by Joel Hofer with a rebound.
8:43 of 1st period - Snap shot by Kent Johnson.
8:43 of 1st period - Stopped by Thomas Milic without a rebound.
8:44 of 1st period - John Hayden wins face-off versus Jayson Megna in Ste. Rose Royals zone.
8:48 of 1st period - Off-side.
8:49 of 1st period - John Hayden wins face-off versus Jayson Megna in neutral zone.
8:58 of 1st period - Snap shot by Grigori Denisenko.
8:58 of 1st period - Shot Misses the Net.
9:02 of 1st period - Wrist shot by Grigori Denisenko.
9:02 of 1st period - Shot Misses the Net.
9:04 of 1st period - Snap shot by John Hayden.
9:04 of 1st period - Stopped by Joel Hofer with a rebound.
9:22 of 1st period - Wrist shot by Sam Carrick.
9:22 of 1st period - Shot Misses the Net.
9:58 of 1st period - John Hayden is hit by Tomas Nosek and loses puck.
10:39 of 1st period - Sam Carrick is hit by Patrick Maroon and loses puck.
11:07 of 1st period - Off-side.
11:08 of 1st period - Tyson Jost wins face-off versus Jayson Megna in neutral zone.
11:13 of 1st period - Snap shot by Michael Amadio.
11:13 of 1st period - Goal by Michael Amadio - Ste. Rose Royals : 1 - Tappara Tampere : 0.
11:14 of 1st period - Tomas Nosek wins face-off versus Tyson Jost in neutral zone.
11:17 of 1st period - Wrist shot by Dominik Kubalik.
11:17 of 1st period - Stopped by Thomas Milic without a rebound.
11:18 of 1st period - Dominik Kubalik wins face-off versus Tyson Jost in Ste. Rose Royals zone.
11:45 of 1st period - Snap shot by Patrick Maroon.
11:45 of 1st period - Shot Blocked by Nikita Zaitsev.
11:57 of 1st period - Snap shot by Grigori Denisenko.
11:57 of 1st period - Stopped by Joel Hofer with a rebound.
12:29 of 1st period - Snap shot by Tanner Pearson.
12:29 of 1st period - Stopped by Thomas Milic without a rebound.
12:30 of 1st period - Jayson Megna wins face-off versus Tyson Jost in Ste. Rose Royals zone.
12:39 of 1st period - Tanner Pearson is hit by Michael Amadio and loses puck.
12:54 of 1st period - Minor Penalty to Ben Hutton for Tripping.
12:55 of 1st period - Sam Carrick wins face-off versus John Hayden in Tappara Tampere zone.
13:06 of 1st period - Wrist shot by Grigori Denisenko.
13:06 of 1st period - Shot Blocked by Mattias Janmark.
13:08 of 1st period - Slapshot by John Hayden.
13:08 of 1st period - Goal by John Hayden - Ste. Rose Royals : 2 - Tappara Tampere : 0.
13:09 of 1st period - Matthew Beniers wins face-off versus Mathias Emilio Pettersen in neutral zone.
13:16 of 1st period - Wrist shot by Matthew Beniers.
13:16 of 1st period - Stopped by Thomas Milic with a rebound.
13:39 of 1st period - Snap shot by Grigori Denisenko.
13:39 of 1st period - Stopped by Joel Hofer with a rebound.
14:15 of 1st period - Mathias Emilio Pettersen is hit by Dominik Kubalik and loses puck.
14:59 of 1st period - Snap shot by Matthew Highmore.
14:59 of 1st period - Stopped by Joel Hofer with a rebound.
15:01 of 1st period - Snap shot by Matthew Highmore.
15:01 of 1st period - Stopped by Joel Hofer with a rebound.
15:33 of 1st period - Backhand shot by Matthew Highmore.
15:33 of 1st period - Stopped by Joel Hofer with a rebound.
15:35 of 1st period - Wrist shot by John Hayden.
15:35 of 1st period - Stopped by Joel Hofer without a rebound.
15:36 of 1st period - Sam Carrick wins face-off versus Mathias Emilio Pettersen in Tappara Tampere zone.
16:53 of 1st period - Snap shot by Dominik Kubalik.
16:53 of 1st period - Deflect By Tanner Pearson.
16:53 of 1st period - Goal by Tanner Pearson - Ste. Rose Royals : 2 - Tappara Tampere : 1.
16:54 of 1st period - Jayson Megna wins face-off versus Tyson Jost in neutral zone.
17:27 of 1st period - Snap shot by Matthew Beniers.
17:27 of 1st period - Stopped by Thomas Milic without a rebound.
17:28 of 1st period - Kent Johnson wins face-off versus Mathias Emilio Pettersen in Ste. Rose Royals zone.
17:33 of 1st period - Snap shot by Sam Carrick.
17:33 of 1st period - Shot Blocked by Alex Barre-Boulet.
17:35 of 1st period - Wrist shot by Ben Hutton.
17:35 of 1st period - Stopped by Thomas Milic without a rebound.
17:36 of 1st period - Cameron Hughes wins face-off versus Sam Carrick in Ste. Rose Royals zone.
17:38 of 1st period - Minor Penalty to Mathias Emilio Pettersen for Cross-checking.
17:39 of 1st period - Tyson Jost wins face-off versus Kent Johnson in Ste. Rose Royals zone.
18:15 of 1st period - Off-side.
18:16 of 1st period - Matthew Beniers wins face-off versus Patrick Maroon in neutral zone.
18:25 of 1st period - Snap shot by Logan Stankoven.
18:25 of 1st period - Shot Blocked by Cale Fleury.
18:27 of 1st period - Slapshot by Logan Stankoven.
18:27 of 1st period - Shot Misses the Net.
18:51 of 1st period - Slapshot by Dominik Kubalik.
18:51 of 1st period - Deflect By Kent Johnson.
18:51 of 1st period - Goal by Kent Johnson - Ste. Rose Royals : 2 - Tappara Tampere : 2.
18:52 of 1st period - Mathias Emilio Pettersen wins face-off versus Tomas Nosek in neutral zone.
19:03 of 1st period - Wrist shot by Mattias Janmark.
19:03 of 1st period - Stopped by Thomas Milic with a rebound.
19:19 of 1st period - Grigori Denisenko is hit by Logan Stankoven and loses puck.
19:24 of 1st period - Wrist shot by Matthew Beniers.
19:24 of 1st period - Stopped by Thomas Milic with a rebound.
19:26 of 1st period - Snap shot by Matthew Beniers.
19:26 of 1st period - Shot Blocked by Calen Addison.
19:28 of 1st period - Slapshot by Ben Hutton.
19:28 of 1st period - Stopped by Thomas Milic with a rebound.
19:30 of 1st period - Slapshot by Calvin De Haan.
19:30 of 1st period - Stopped by Thomas Milic with a rebound.
Goals for this period are 2 for Ste. Rose Royals vs 2 for Tappara Tampere.
Shots for this period are 12 for Ste. Rose Royals vs 16 for Tappara Tampere.
2nd period
0:01 of 2nd period - Jayson Megna wins face-off versus Tyson Jost in neutral zone.
0:08 of 2nd period - Slapshot by Jayson Megna.
0:08 of 2nd period - Deflect By Dominik Kubalik.
0:08 of 2nd period - Shot Misses the Net.
0:08 of 2nd period - Puck is out of play.
0:09 of 2nd period - Jayson Megna wins face-off versus Tyson Jost in Ste. Rose Royals zone.
0:14 of 2nd period - Wrist shot by Jayson Megna.
0:14 of 2nd period - Shot Misses the Net.
0:16 of 2nd period - Wrist shot by Tanner Pearson.
0:16 of 2nd period - Shot Blocked by Wyatt Kalynuk.
0:18 of 2nd period - Wrist shot by Jayson Megna.
0:18 of 2nd period - Stopped by Thomas Milic with a rebound.
0:20 of 2nd period - Snap shot by Tanner Pearson.
0:20 of 2nd period - Shot Misses the Net.
0:22 of 2nd period - Wrist shot by Sebastian J Aho.
0:22 of 2nd period - Stopped by Thomas Milic with a rebound.
0:24 of 2nd period - Wrist shot by Sebastian J Aho.
0:24 of 2nd period - Stopped by Thomas Milic without a rebound.
0:25 of 2nd period - Matthew Beniers wins face-off versus Grigori Denisenko in Ste. Rose Royals zone.
1:12 of 2nd period - Wrist shot by Matthew Highmore.
1:12 of 2nd period - Stopped by Joel Hofer without a rebound.
1:13 of 2nd period - Alex Barre-Boulet wins face-off versus Tomas Nosek in Tappara Tampere zone.
1:18 of 2nd period - Wrist shot by Alex Barre-Boulet.
1:18 of 2nd period - Stopped by Joel Hofer with a rebound.
1:40 of 2nd period - Calvin De Haan is hit by Mike Reilly and loses puck.
1:45 of 2nd period - Wrist shot by Patrick Maroon.
1:45 of 2nd period - Stopped by Joel Hofer with a rebound.
2:01 of 2nd period - Snap shot by Kent Johnson.
2:01 of 2nd period - Stopped by Thomas Milic with a rebound.
2:03 of 2nd period - Slapshot by Jan Rutta.
2:03 of 2nd period - Stopped by Thomas Milic with a rebound.
2:05 of 2nd period - Snap shot by Sam Carrick.
2:05 of 2nd period - Shot Misses the Net.
2:27 of 2nd period - Backhand shot by Kent Johnson.
2:27 of 2nd period - Stopped by Thomas Milic with a rebound.
2:45 of 2nd period - Snap shot by Dominik Kubalik.
2:45 of 2nd period - Stopped by Thomas Milic without a rebound.
2:46 of 2nd period - John Hayden wins face-off versus Matthew Beniers in Ste. Rose Royals zone.
2:53 of 2nd period - Matthew Beniers is hit by Grigori Denisenko.
3:25 of 2nd period - Snap shot by Alex Barre-Boulet.
3:25 of 2nd period - Stopped by Joel Hofer with a rebound.
3:39 of 2nd period - Minor Penalty to Cameron Hughes for Interference.
3:40 of 2nd period - Matthew Beniers wins face-off versus Tyson Jost in Ste. Rose Royals zone.
3:41 of 2nd period - Slapshot by Logan Stankoven.
3:41 of 2nd period - Goal by Logan Stankoven - Ste. Rose Royals : 2 - Tappara Tampere : 3.
3:42 of 2nd period - Jayson Megna wins face-off versus Tyson Jost in neutral zone.
3:47 of 2nd period - Mike Reilly is hit by John Klingberg and loses puck.
3:52 of 2nd period - Wrist shot by Dominik Kubalik.
3:52 of 2nd period - Stopped by Thomas Milic with a rebound.
3:54 of 2nd period - Snap shot by Dominik Kubalik.
3:54 of 2nd period - Shot Blocked by Mike Reilly.
4:13 of 2nd period - Snap shot by Logan Stankoven.
4:13 of 2nd period - Shot Blocked by Mathias Emilio Pettersen.
4:19 of 2nd period - Snap shot by Alex Barre-Boulet.
4:19 of 2nd period - Deflect By Cameron Hughes.
4:19 of 2nd period - Stopped by Joel Hofer without a rebound.
4:20 of 2nd period - John Hayden wins face-off versus Tomas Nosek in Tappara Tampere zone.
4:29 of 2nd period - Slapshot by Grigori Denisenko.
4:29 of 2nd period - Shot Misses the Net.
4:55 of 2nd period - Snap shot by Mathias Emilio Pettersen.
4:55 of 2nd period - Deflect By Alex Jefferies.
4:55 of 2nd period - Stopped by Joel Hofer with a rebound.
4:57 of 2nd period - Snap shot by Mathias Emilio Pettersen.
4:57 of 2nd period - Stopped by Joel Hofer without a rebound.
4:58 of 2nd period - Sam Carrick wins face-off versus Tyson Jost in Tappara Tampere zone.
5:05 of 2nd period - Snap shot by Kent Johnson.
5:05 of 2nd period - Shot Misses the Net.
5:11 of 2nd period - Slapshot by Matt Martin.
5:11 of 2nd period - Deflect By Sam Carrick.
5:11 of 2nd period - Stopped by Thomas Milic with a rebound.
5:36 of 2nd period - Cale Fleury is hit by John Klingberg and loses puck.
8:41 of 2nd period - Luke Philp is hit by Ben Hutton and loses puck.
10:32 of 2nd period - Jack St. Ivany is hit by Mattias Janmark and loses puck.
11:15 of 2nd period - Alex Barre-Boulet is hit by Logan Stankoven.
11:32 of 2nd period - Icing by Calen Addison.
11:33 of 2nd period - Sam Carrick wins face-off versus John Hayden in Ste. Rose Royals zone.
11:34 of 2nd period - Wrist shot by Kent Johnson.
11:34 of 2nd period - Shot Blocked by John Hayden.
12:07 of 2nd period - Minor Penalty to Sam Carrick for Tripping.
12:08 of 2nd period - Tomas Nosek wins face-off versus Tyson Jost in Tappara Tampere zone.
13:27 of 2nd period - Calen Addison is hit by Kent Johnson and loses puck.
13:52 of 2nd period - Calvin De Haan is hit by Grigori Denisenko and loses puck.
14:07 of 2nd period - Penalty to Sam Carrick is over, Sam Carrick is back on ice.
14:14 of 2nd period - Off-side.
14:15 of 2nd period - Matthew Beniers wins face-off versus Cameron Hughes in neutral zone.
14:20 of 2nd period - Snap shot by Logan Stankoven.
14:20 of 2nd period - Shot Misses the Net.
14:22 of 2nd period - Snap shot by Matthew Beniers.
14:22 of 2nd period - Shot Misses the Net.
15:15 of 2nd period - Alex Barre-Boulet is hit by Nikita Zaitsev and loses puck.
15:32 of 2nd period - Slapshot by Sebastian J Aho.
15:32 of 2nd period - Stopped by Thomas Milic with a rebound.
15:40 of 2nd period - Slapshot by Matthew Beniers.
15:40 of 2nd period - Deflect By Logan Stankoven.
15:40 of 2nd period - Stopped by Thomas Milic with a rebound.
16:50 of 2nd period - Mike Reilly is hit by Tomas Nosek and loses puck.
17:03 of 2nd period - Wyatt Kalynuk is hit by Nathan Walker and loses puck.
17:54 of 2nd period - Tomas Nosek is hit by Alex Jefferies and loses puck.
18:42 of 2nd period - Cale Fleury is hit by Ben Hutton and loses puck.
Goals for this period are 0 for Ste. Rose Royals vs 1 for Tappara Tampere.
Shots for this period are 7 for Ste. Rose Royals vs 12 for Tappara Tampere.
3rd period
0:01 of 3rd period - Tyson Jost wins face-off versus Jayson Megna in neutral zone.
0:06 of 3rd period - Slapshot by Mike Reilly.
0:06 of 3rd period - Deflect By Tyson Jost.
0:06 of 3rd period - Shot Misses the Net.
0:06 of 3rd period - Puck is out of play.
0:07 of 3rd period - Jayson Megna wins face-off versus Tyson Jost in Tappara Tampere zone.
0:07 of 3rd period - Jayson Megna is hit by Patrick Maroon.
0:19 of 3rd period - Slapshot by Jayson Megna.
0:19 of 3rd period - Stopped by Thomas Milic with a rebound.
0:31 of 3rd period - Minor Penalty to Tanner Pearson for Interference.
0:32 of 3rd period - Tomas Nosek wins face-off versus John Hayden in Tappara Tampere zone.
0:32 of 3rd period - Tomas Nosek is hit by Matthew Highmore.
0:48 of 3rd period - Snap shot by Matthew Highmore.
0:48 of 3rd period - Shot Misses the Net.
0:59 of 3rd period - Minor Penalty to Patrick Maroon for Tripping.
1:00 of 3rd period - Luke Philp wins face-off versus Matthew Beniers in Ste. Rose Royals zone.
1:08 of 3rd period - Off-side.
1:09 of 3rd period - Matthew Beniers wins face-off versus Luke Philp in neutral zone.
1:22 of 3rd period - Slapshot by Matthew Beniers.
1:22 of 3rd period - Stopped by Thomas Milic with a rebound.
1:56 of 3rd period - Wrist shot by Andrew Cogliano.
1:56 of 3rd period - Stopped by Thomas Milic without a rebound.
1:57 of 3rd period - Tyson Jost wins face-off versus Logan Stankoven in Ste. Rose Royals zone.
2:31 of 3rd period - Penalty to Tanner Pearson is over, Tanner Pearson is back on ice.
2:48 of 3rd period - Cale Fleury is hit by Dominik Kubalik and loses puck.
2:53 of 3rd period - Slapshot by John Klingberg.
2:53 of 3rd period - Shot Blocked by Jack St. Ivany.
2:55 of 3rd period - Snap shot by Dominik Kubalik.
2:55 of 3rd period - Goal by Dominik Kubalik - Ste. Rose Royals : 2 - Tappara Tampere : 4.
2:56 of 3rd period - Jayson Megna wins face-off versus John Hayden in neutral zone.
3:22 of 3rd period - Sam Carrick is hit by Patrick Maroon and loses puck.
3:42 of 3rd period - Snap shot by Mike Reilly.
3:42 of 3rd period - Shot Misses the Net.
3:44 of 3rd period - Slapshot by Calen Addison.
3:44 of 3rd period - Stopped by Joel Hofer with a rebound.
3:46 of 3rd period - Slapshot by Mike Reilly.
3:46 of 3rd period - Stopped by Joel Hofer with a rebound.
3:56 of 3rd period - Wrist shot by Matthew Beniers.
3:56 of 3rd period - Stopped by Thomas Milic with a rebound.
4:41 of 3rd period - Wyatt Kalynuk is hit by Ben Hutton.
4:55 of 3rd period - Snap shot by Mattias Janmark.
4:55 of 3rd period - Stopped by Thomas Milic without a rebound.
4:56 of 3rd period - Cameron Hughes wins face-off versus Tomas Nosek in Ste. Rose Royals zone.
5:01 of 3rd period - Snap shot by Calen Addison.
5:01 of 3rd period - Shot Misses the Net.
5:16 of 3rd period - Icing by Nikita Zaitsev.
5:17 of 3rd period - Sam Carrick wins face-off versus Tyson Jost in Tappara Tampere zone.
6:13 of 3rd period - Wrist shot by Cale Fleury.
6:13 of 3rd period - Stopped by Joel Hofer with a rebound.
6:15 of 3rd period - Snap shot by Mathias Emilio Pettersen.
6:15 of 3rd period - Shot Blocked by Ben Hutton.
6:17 of 3rd period - Slapshot by Cameron Hughes.
6:17 of 3rd period - Shot Misses the Net.
6:57 of 3rd period - Snap shot by Patrick Maroon.
6:57 of 3rd period - Stopped by Joel Hofer without a rebound.
6:58 of 3rd period - Matthew Beniers wins face-off versus Tyson Jost in Tappara Tampere zone.
7:03 of 3rd period - Snap shot by Patrick Maroon.
7:03 of 3rd period - Stopped by Joel Hofer without a rebound.
7:04 of 3rd period - Matthew Beniers wins face-off versus Tyson Jost in Tappara Tampere zone.
7:18 of 3rd period - Slapshot by Patrick Maroon.
7:18 of 3rd period - Shot Misses the Net.
7:20 of 3rd period - Snap shot by Wyatt Kalynuk.
7:20 of 3rd period - Shot Blocked by Nathan Walker.
7:22 of 3rd period - Slapshot by Wyatt Kalynuk.
7:22 of 3rd period - Stopped by Joel Hofer without a rebound.
7:23 of 3rd period - John Hayden wins face-off versus Jayson Megna in Tappara Tampere zone.
7:24 of 3rd period - Wrist shot by Matthew Highmore.
7:24 of 3rd period - Deflect By John Hayden.
7:24 of 3rd period - Stopped by Joel Hofer without a rebound.
7:25 of 3rd period - Jayson Megna wins face-off versus John Hayden in Tappara Tampere zone.
7:25 of 3rd period - Jayson Megna is hit by Matthew Highmore.
8:14 of 3rd period - Off-side.
8:15 of 3rd period - Matthew Beniers wins face-off versus Cameron Hughes in neutral zone.
9:38 of 3rd period - Wrist shot by John Klingberg.
9:38 of 3rd period - Stopped by Thomas Milic without a rebound.
9:39 of 3rd period - Jayson Megna wins face-off versus Tyson Jost in Ste. Rose Royals zone.
9:53 of 3rd period - Tanner Pearson is hit by Calen Addison and loses puck.
10:04 of 3rd period - Kent Johnson is hit by Calen Addison.
10:54 of 3rd period - Wrist shot by Alex Jefferies.
10:54 of 3rd period - Stopped by Joel Hofer without a rebound.
10:55 of 3rd period - Jayson Megna wins face-off versus Luke Philp in Tappara Tampere zone.
11:31 of 3rd period - Mike Reilly is hit by Tomas Nosek and loses puck.
11:44 of 3rd period - Wrist shot by Matthew Highmore.
11:44 of 3rd period - Deflect By John Hayden.
11:44 of 3rd period - Shot Misses the Net.
11:44 of 3rd period - Puck is out of play.
11:45 of 3rd period - John Hayden wins face-off versus Matthew Beniers in Tappara Tampere zone.
12:35 of 3rd period - Wrist shot by Grigori Denisenko.
12:35 of 3rd period - Deflect By John Hayden.
12:35 of 3rd period - Stopped by Joel Hofer without a rebound.
12:36 of 3rd period - Tyson Jost wins face-off versus Sam Carrick in Tappara Tampere zone.
12:37 of 3rd period - Slapshot by Patrick Maroon.
12:37 of 3rd period - Shot Blocked by Jan Rutta.
12:39 of 3rd period - Minor Penalty to Matt Martin for Diving.
12:40 of 3rd period - Tyson Jost wins face-off versus Sam Carrick in Tappara Tampere zone.
12:43 of 3rd period - Slapshot by Patrick Maroon.
12:43 of 3rd period - Shot Misses the Net.
12:45 of 3rd period - Slapshot by Mike Reilly.
12:45 of 3rd period - Stopped by Joel Hofer without a rebound.
12:46 of 3rd period - Sam Carrick wins face-off versus Tyson Jost in Tappara Tampere zone.
12:57 of 3rd period - Snap shot by Patrick Maroon.
12:57 of 3rd period - Deflect By Tyson Jost.
12:57 of 3rd period - Shot Misses the Net.
12:57 of 3rd period - Puck is out of play.
12:58 of 3rd period - Tomas Nosek wins face-off versus Tyson Jost in Tappara Tampere zone.
13:07 of 3rd period - Patrick Maroon is hit by Sam Carrick and loses puck.
14:39 of 3rd period - Penalty to Matt Martin is over, Matt Martin is back on ice.
14:52 of 3rd period - Logan Stankoven is hit by Mike Reilly and loses puck.
15:09 of 3rd period - Wyatt Kalynuk is hit by Nathan Walker.
17:20 of 3rd period - Matthew Beniers is hit by Patrick Maroon and loses puck.
Goals for this period are 0 for Ste. Rose Royals vs 1 for Tappara Tampere.
Shots for this period are 10 for Ste. Rose Royals vs 7 for Tappara Tampere.
Back to the Top